 Dungeon Crawl Stone Soup version 0.31-a0-875-g02e7d12df6 (webtiles) character file.

Game seed: 486169240830264425

1341 fozzywoppz the Basher (level 8, -5/49 HPs)
             Began as a Gargoyle Fighter on Oct 12, 2023.
             Slain by an orc warrior
             ... wielding a +0 heavy scimitar
              (16 damage)
             ... on level 6 of the Dungeon on Oct 13, 2023.
             The game lasted 00:08:54 (4783 turns).

fozzywoppz the Basher (Gargoyle Fighter)            Turns: 4783, Time: 00:08:55

Health: -5/49      AC: 16    Str: 20    XL:     8   Next: 62%
Magic:  8/8        EV:  9    Int: 15    God:
Gold:   303        SH:  5    Dex: 11    Spells: 7/7 levels left

rFire   . . .        D - +0 flail (heavy)
rCold   . . .        c - +0 buckler
rNeg    + . .        b - +0 scale mail
rPois   ∞            l - +2 hat
rElec   +            o - +0 cloak
rCorr   .            (no gloves)
SInv    .            (no boots)
Will    .....        (no amulet) Stlth
                     g - ring of wizardry
HPRegen 0.28/turn    w - +6 ring of intelligence
MPRegen 0.11/turn

%: wizardry (x1)
@: no status effects
A: sickness immunity, AC +5, negative energy resistance 1, electricity
resistance, torment resistance 1, petrification resistance
a: no special abilities


You were on level 6 of the Dungeon.
You visited 1 branch of the dungeon, and saw 6 of its levels.

You collected 393 gold pieces.
You spent 90 gold pieces at shops.

Inventory:

Hand Weapons
 n - a +4 hammer
 z - a +2 hammer of holy wrath
 D - a +0 heavy flail (weapon)
Missiles
 C - 3 poisoned darts
Armour
 b - a +0 scale mail (worn)
 c - a +0 buckler (worn)
 l - a +2 hat (worn)
 o - a +0 cloak (worn)
Jewellery
 g - a ring of wizardry (left hand)
 w - a +6 ring of intelligence (right hand)
 A - a +6 ring of dexterity
 B - a ring of flight
Wands
 a - a wand of roots (13)
 i - a wand of paralysis (5)
 t - a wand of digging (5)
Scrolls
 f - a scroll of immolation {unknown}
 h - 2 scrolls of fear
 m - 2 scrolls of revelation {unknown}
 q - 2 scrolls of teleportation {unknown}
 r - a scroll of poison {unknown}
 v - 2 scrolls of amnesia {unknown}
 x - 2 scrolls of identify {unknown}
 y - 4 scrolls of fog {unknown}
Potions
 d - a potion of might
 e - a potion of resistance {unknown}
 j - 2 potions of haste {unknown}
 k - 2 potions of heal wounds
 p - a potion of lignification {unknown}
 s - 2 potions of magic {unknown}
 u - a potion of degeneration {unknown}


   Skills:
 - Level 5.0 Fighting
 + Level 8.6 Maces & Flails
 - Level 5.0 Armour
 - Level 5.0 Shields


You had 7 spell levels left.
You didn't know any spells.
Your spell library contained the following spells:

 Spells                   Type           Power      Damage    Failure   Level
 Apportation              Tloc           0%         N/A       32%         1
 Necrotise                Necr           0%         1d4       32%         1
 Summon Small Mammal      Summ           0%         N/A       32%         1
 Ensorcelled Hibernation  Hex/Ice        0%         N/A       45%         2
 Passwall                 Tmut/Erth      0%         N/A       45%         2
 Gell's Gravitas          Tloc           0%         N/A       69%         3
 Swiftness                Air            0%         N/A       69%         3
 Teleport Other           Tloc           0%         N/A       69%         3
 Leda's Liquefaction      Hex/Erth       0%         N/A       96%         4
 Petrify                  Tmut/Erth      0%         N/A       96%         4
 Irradiate                Conj/Tmut      0%         3d11      100%        5
 Lee's Rapid Deconstruct  Erth           0%         3d4*      100%        5
 Bombard                  Conj/Erth      0%         9d1       100%        6
 Dispersal                Tloc           0%         N/A       100%        6
 Sublimation of Blood     Necr           Unusable   N/A       N/A         2

Dungeon Overview and Level Annotations

Branches:
Dungeon (6/15)
 Temple: D:4-7

Altars:
Ashenzari
Gozag
Wu Jian
Xom
Zin

Shops:
D:6 !


Innate Abilities, Weirdness & Mutations

You are immune to sickness and miasma.
Your stone body is resilient. (AC +5)
You are immune to poison.
You resist negative energy. (rN+)
You are resistant to electric shocks. (rElec)
You are resistant to unholy torment.
You are immune to petrification.


Message History

An orc comes into view.
It is wielding a +0 club and wearing the +0 chain mail "Boqoi" {Will+++ rCorr Slay-3 SInv}.
An orc comes into view. It is wielding a +0 dagger.
You closely miss the black bear.
The black bear is lightly wounded.
The black bear bites you. The black bear claws you. The black bear misses you.
Unknown command.
As you read the scroll labelled ZOPATI MEJOSIM, it crumbles to dust.
You assume a fearsome visage.
The orc warrior looks frightened!
The orc looks frightened! x4; The black bear looks frightened!
It was a scroll of fear.
There is an opulent altar of Gozag here.
You start resting.
You feel a little less mighty now.
You start resting.
An orc warrior is nearby!
You see here a +0 arbalest.
The orc warrior hits you with a +0 heavy scimitar!!
You bludgeon the orc warrior!!
The orc warrior is severely wounded.
The orc warrior barely misses you.
You closely miss the orc warrior.
The orc warrior is severely wounded.
The orc warrior hits you with a +0 heavy scimitar.
The orc barely misses you.
You closely miss the orc warrior.
The orc warrior is severely wounded.
The orc hits you but does no damage.
The orc warrior hits you with a +0 heavy scimitar.
* * * LOW HITPOINT WARNING * * *
The orc hits you but does no damage.
You closely miss the orc warrior.
The orc warrior is severely wounded.
The orc warrior barely misses you. The orc hits you but does no damage.
You barely miss the orc. The orc barely misses you.
The orc warrior hits you but does no damage.
The orc closely misses you.
You barely miss the orc warrior.
The orc warrior is severely wounded.
The orc warrior hits you with a +0 heavy scimitar!
You die...

#..........# #..........#
#..........# #..........#
#..........#
#############..........#
...............>.......#
..........###...)o.....#####
.........## #...@o.....#...#
.........# ######.#####...#
.......###########.####....#
#####......................#
.....................###...#
.....#......#.#.....## #...#
.####)....††........# #####
c........>.###.###..#
...........#.....#..#


You could see an orc warrior and an orc.

Vanquished Creatures
  A water moccasin (D:5)
  2 orc warriors (D:4)
  A sky beast (D:6)
  An ogre (D:4)
  A centaur (D:6)
  Blork the orc (D:5)
  A bullfrog (D:6)
  A scorpion (D:5)
  A gnoll bouda (D:4)
  Crazy Yiuf (D:2)
  A hound (D:6)
  A jelly (D:5)
  An orc priest (D:5)
  Jessica (D:2)
  Natasha (D:2)
  5 iguanas
  An orc wizard (D:5)
  3 gnolls (D:4)
  14 adders
  A shadow imp (D:5)
  An ufetubus (D:6)
  3 worms
  15 orcs
  7 ball pythons
  5 endoplasms
  6 giant cockroaches
  4 goblins
  8 hobgoblins
  3 quokkas
  8 bats
  2 frilled lizards
  7 kobolds
  7 rats
116 creatures vanquished.

Notes
Turn   | Place    | Note
-------+----------+-------------------------------------------
     0 | D:1      | fozzywoppz the Gargoyle Fighter began the quest for the
                  | Orb.
     0 | D:1      | Reached XP level 1. HP: 14/14 MP: 1/1
    50 | D:1      | Reached XP level 2. HP: 19/19 MP: 2/2
   362 | D:1      | Reached XP level 3. HP: 24/24 MP: 3/3
   392 | D:1      | Found a faded altar of an unknown god.
   817 | D:2      | Noticed Jessica
   830 | D:2      | Killed Jessica
   831 | D:2      | Reached XP level 4. HP: 24/29 MP: 4/4
  1092 | D:2      | Found a runed translucent door.
  1093 | D:2      | Noticed Crazy Yiuf
  1103 | D:2      | Killed Crazy Yiuf
  1104 | D:2      | Reached skill level 3 in Maces & Flails
  1104 | D:2      | Reached XP level 5. HP: 23/33 MP: 1/5
  1240 | D:2      | Noticed Natasha
  1247 | D:2      | Killed Natasha
  2187 | D:3      | Found an ornate altar of the Wu Jian Council.
  2359 | D:4      | Found a broken altar of Ashenzari.
  2389 | D:4      | Reached XP level 6. HP: 27/39 MP: 6/6
  2571 | D:4      | Noticed an orc warrior
  2589 | D:4      | Killed an orc warrior
  2748 | D:4      | Found a glowing silver altar of Zin.
  2748 | D:4      | Found a shimmering altar of Xom.
  2748 | D:4      | Noticed an angel
  2809 | D:4      | Reached skill level 5 in Fighting
  2809 | D:4      | Reached skill level 4 in Maces & Flails
  2809 | D:4      | Reached skill level 5 in Armour
  2809 | D:4      | Reached skill level 5 in Shields
  2809 | D:4      | Reached XP level 7. HP: 44/44 MP: 7/7
  3368 | D:5      | Entered Level 5 of the Dungeon
  3529 | D:5      | Reached skill level 5 in Maces & Flails
  3720 | D:4      | Reached skill level 6 in Maces & Flails
  3873 | D:5      | Reached XP level 8. HP: 47/49 MP: 8/8
  4013 | D:5      | Noticed Blork the orc
  4021 | D:5      | Killed Blork the orc
  4022 | D:5      | Reached skill level 7 in Maces & Flails
  4538 | D:6      | Found Uwukk's Distillery.
  4544 | D:6      | Bought a potion of might for 40 gold pieces
  4544 | D:6      | Bought a potion of heal wounds for 50 gold pieces
  4559 | D:6      | Found an opulent altar of Gozag.
  4617 | D:6      | Reached skill level 8 in Maces & Flails
  4723 | D:6      | Identified the +0 chain mail "Boqoi" {Will+++ rCorr Slay-3
                  | SInv}
  4783 | D:6      | Slain by an orc warrior

Illustrated notes

Levels and vault maps discovered:
D:1:      grunt_arrival_crossed_arrows, layout_rooms,
          shapermc_ecumenical_altar_ellora
D:2:      layout_basic, minmay_pentomino_pile, uniq_crazy_yiuf_cottage,
          uniq_jessica, uniq_natasha
D:3:      layout_loops_corners, pdpol_wu_jian_five_deadly_venoms, minivault_5
D:4:      layout_loops_ring, grunt_temple_overflow_order_and_chaos_1,
          nicolae_ashenzari_skybound, minivault_11
D:5:      layout_loops_ring, guppyfry_early_orc_mine, uniq_blork_the_orc
D:6:      layout_rooms, nicolae_gozag_cash_rules_everything_around_me,
          minmay_temple_entry_drinking_statues, serial_shops, shop, shop

Skill      XL: |  1  2  3  4  5  6  7  8 |
---------------+-------------------------+-----
Fighting       | 4 5 |  5.0
Armour         | 4 5 |  5.0
Shields        | 4 5 |  5.0
Maces & Flails | 3 4 6 8 |  8.6

Action                     |  1- 3 |  4- 6 |  7- 9 || total
---------------------------+-------+-------+-------++-------
  Melee: Flail             |   112 |    29 |    21 ||   162
         Mace              |       |   129 |   174 ||   303
  Evoke: Wand              |       |     1 |       ||     1
    Use: Scroll            |       |       |     1 ||     1
         Potion            |       |       |     1 ||     1
 Armour: Scale mail        |   108 |   100 |   157 ||   365
  Dodge: Dodged            |    58 |    80 |    99 ||   237
  Block: Buckler           |    34 |    36 |    49 ||   119

Table legend: (Time is in decaauts)
 A = Elapsed time spent in this place.
 B = Non-inter-level travel time spent in this place.
 C = Inter-level travel time spent in this place.
 D = Time resting spent in this place.
 E = Time spent auto-exploring this place.
 F = Levels seen in this place.
 G = Mean time per level.
                   A        B        C        D        E       F      G
               +--------+--------+--------+--------+--------+-----+--------+
         Total |   4896 |   4664 |    232 |    316 |   3141 |   6 |  816.0 |
       Dungeon |   4896 |   4664 |    232 |    316 |   3141 |   6 |  816.0 |
               +--------+--------+--------+--------+--------+-----+--------+

Top non-repeatable levels by time:
     D:4: 1221 daAuts
     D:3: 986 daAuts
     D:5: 874 daAuts
     D:2: 844 daAuts
     D:1: 665 daAuts
     D:6: 304 daAuts
